 Dungeon Crawl Stone Soup version 0.27-a0-1154-gfdeffcb720 (webtiles) character file.

Game seed: 6618885550421199327

5894 Delamore the Basher (level 10, -9/59 HPs)
             Began as a Gargoyle Fighter on May 14, 2021.
             Was a Believer of Qazlal.
             Mangled by a minotaur
             ... wielding the +5 lajatang "Lutitif" {freeze, rElec Str-3 Dex+6}
              (39 damage)
             ... in a Gauntlet.
             The game lasted 00:21:36 (11120 turns).

Delamore the Basher (Gargoyle Fighter)             Turns: 11120, Time: 00:21:37

Health: -9/59      AC: 18    Str: 23    XL:     10   Next: 82%
Magic:  10/10      EV:  8    Int: 14    God:    Qazlal [**....]
Gold:   340        SH: 20    Dex: 15    Spells: 9/9 levels left

rFire    . . .     SeeInvis .   o - +1 mace (venom)
rCold    . . .     Faith    .   c - +0 kite shield
rNeg     + + .     Spirit   .   b - +0 scale mail
rPois    ∞         Reflect  +   w - +2 helmet
rElec    +         Harm     .   x - scarf {shadows}
rCorr    .         Rampage  .   (no gloves)
Will     .....     NoTele   +   q - +0 pair of boots
Stlth    ..........             A - amulet of reflection
HPRegen  0.19/turn              S - ring "Imeir" {rN+ Int+5 Dex+6}
MPRegen  0.12/turn              (no ring)

@: mighty
A: sickness immunity, AC +7, negative energy resistance 1, electricity
resistance, torment resistance 1, petrification resistance
a: Renounce Religion, Upheaval


You were in a Gauntlet.
You worshipped Qazlal.
Qazlal was pleased with you.
You visited 3 branches of the dungeon, and saw 10 of its levels.
You also visited: Sewer and Gauntlet.

You collected 368 gold pieces.
You spent 28 gold pieces at shops.

Inventory:

Hand Weapons
 o - a +1 mace of venom (weapon)
 M - a +1 whip of electrocution
Missiles
 k - 6 boomerangs of dispersal (quivered)
 n - 15 poisoned darts
 I - 3 throwing nets
 J - 7 javelins
 W - 6 atropa-tipped darts
Armour
 b - a +0 scale mail (worn)
 c - a +0 kite shield (worn)
 q - a +0 pair of boots (worn)
 w - a +2 helmet (worn)
 x - a scarf of shadows (worn)
 Q - a +0 plate armour
Jewellery
 f - a ring of fire
 A - an amulet of reflection (around neck)
 R - an amulet of the acrobat
 S - the ring "Imeir" (left hand) {rN+ Int+5 Dex+6}
   (You found it in a Gauntlet)

   [ring of dexterity]

   It affects your intelligence (+5).
   It affects your dexterity (+6).
   It protects you from negative energy.
Wands
 a - a wand of paralysis (2)
 D - a wand of acid (5)
 K - a wand of iceblast (9)
 L - a wand of flame (6)
 N - a wand of polymorph (9)
 T - a wand of mindburst (27)
Scrolls
 g - a scroll of torment
 l - a scroll of immolation
 m - 2 scrolls of amnesia
 s - 3 scrolls of teleportation
 t - a scroll of magic mapping
 y - a scroll of enchant weapon {unknown}
 B - 2 scrolls of holy word
 C - a scroll of enchant armour
 E - 2 scrolls of vulnerability
 F - a scroll of noise
 G - a scroll of brand weapon {unknown}
 H - a scroll of fear {unknown}
 O - a scroll of fog
 U - a scroll of blinking {unknown}
Potions
 d - a potion of might
 e - 6 potions of brilliance
 h - 3 potions of curing
 i - 2 potions of magic {unknown}
 j - 5 potions of heal wounds
 p - 2 potions of attraction
 r - a potion of flight {unknown}
 u - 3 potions of invisibility
 v - 2 potions of mutation {unknown}
 z - 2 potions of berserk rage {unknown}
 P - a potion of cancellation {unknown}
 V - a potion of lignification {unknown}


   Skills:
 - Level 5.0 Fighting
 + Level 13.5 Maces & Flails
 - Level 3.2 Armour
 + Level 8.3 Shields


You had 9 spell levels left.
You didn't know any spells.
Your spell library contained the following spells:

 Spells                   Type           Power      Damage    Failure   Level
 Foxfire                  Conj/Fire      0%         2x1d4     86%         1
 Conjure Flame            Conj/Fire      0%         6-21      99%         3
 Inner Flame              Hex/Fire       0%         N/A       99%         3
 Cause Fear               Hex            0%         N/A       100%        4
 Ice Form                 Ice/Tmut       0%         N/A       100%        4
 Sticky Flame             Conj/Fire      0%         2d3       100%        4
 Summon Ice Beast         Ice/Summ       0%         N/A       100%        4
 Fireball                 Conj/Fire      0%         3d3       100%        5
 Silence                  Hex/Air        0%         N/A       100%        5
 Yara's Violent Unravell  Hex/Tmut       0%         3d3       100%        5
 Freezing Cloud           Conj/Ice/Air   0%         6-21      100%        6
 Simulacrum               Ice/Necr       0%         N/A       100%        6
 Ozocubu's Refrigeration  Ice            0%         4d5       100%        7
 Discord                  Hex            0%         N/A       100%        8


Dungeon Overview and Level Annotations

Branches:
Dungeon (8/15)             Temple (1/1) D:4            Lair (1/6) D:8
  Sewer (visited)         Gauntlet (1/1)

Altars:
Ashenzari
Cheibriados
Elyvilon
Fedhas
Gozag
Kikubaaqudgha
Makhleb
Nemelex Xobeh
Okawaru
Qazlal
Ru
Sif Muna
Trog
Uskayaw
Vehumet
Wu Jian
Xom
Yredelemnul
Zin
The Shining One

Shops:
D:3 (   D:7 :*

Annotations:
Gauntlet 9 transporters, exclusion: lightning spire


Innate Abilities, Weirdness & Mutations

You are immune to sickness and miasma.
Your stone body is resilient. (AC +7)
You are immune to poison.
You resist negative energy. (rN+)
You are resistant to electric shocks. (rElec)
You are resistant to unholy torment.
You are immune to petrification.


Message History

The chaos spawn degenerates into a cloud of primal chaos!
You start resting.
Your magical contamination has completely faded away.
You start resting.
HP restored.
Okay, then.
There is a transporter landing site here.
Really walk into that dispersal trap?
Okay, then.
S - the ring "Imeir" {rN+ Int+5 Dex+6}
There are no items here.
There is a transporter here.
W - 6 atropa-tipped darts
Okay, then.
You feel agile.
You feel clever.
S - the ring "Imeir" (left hand) {rN+ Int+5 Dex+6}
There is a transporter here.
You enter the transporter and appear at another place.
The raiju barks!
Okay, then.
There is a transporter here.
You enter the transporter and appear at another place.
Okay, then.
Okay, then.
You feel very mighty all of a sudden.
You open the door.
A minotaur comes into view.
It is wielding the +5 lajatang "Lutitif" {freeze, rElec Str-3 Dex+6}, wearing a +4 ring mail of willpower and quivering silver javelins.
The minotaur throws a silver javelin.
The silver javelin pierces through you.
The minotaur throws a silver javelin.
The silver javelin pierces through you!
Found a glimmering hand axe.
Found a gate leading back out of this place.
There is an open door here.
The minotaur hits you with the +5 lajatang "Lutitif" {freeze, rElec Str-3 Dex+6}!
The minotaur freezes you.
The minotaur gores you but does no damage.
You sock the minotaur!
The minotaur is poisoned.
The minotaur is lightly wounded.
The minotaur hits you with the +5 lajatang "Lutitif" {freeze, rElec Str-3 Dex+6}!!!
Ouch! That really hurt!
You die...

#≈≈≈#...## #...#...#8
...##...#.8.#©
#.#.##.8.#.⌠.#8
#.#....©.#.8.##
#.#.##.8.#...##
###+###...##.©.#...#.
#..⌠.##.#.##.8.#.8.##
+⌠.H@.'.#....©.#.∩.#.
#...§##.#.##.8.#.8.##
#.⌠..##...##.©.#...#.
##+####.#.##.8.#...##
#.#....©.#.8.##
#.#.##.8.#.⌠.#8
#...##...#.8.#©
######...#...#8
#≈≈≈#...##


You could see a minotaur (very poisoned).

Vanquished Creatures
  A glowing orange brain (shapeshifter) (Gauntlet)
  Pikel (D:6)
  Psyche (D:8)
  A yaktaur (shapeshifter) (Gauntlet)
  A yak (D:7)
  A wyvern (D:7)
  A basilisk (shapeshifter) (Gauntlet)
  3 chaos spawn (Gauntlet)
  A steam dragon (D:7)
  A neqoxec (Gauntlet)
  A sky beast (D:7)
  Purgy (Sewer)
  3 orc warriors
  3 black bears (D:8)
  2 necrophages
  An ogre (D:7)
  4 centaurs
  2 lemures (D:6)
  A phantom (D:6)
  3 bullfrogs
  2 gnoll sergeants
  5 scorpions
  A water moccasin skeleton (D:6)
  2 wights (D:8)
  5 killer bees
  2 electric eels (Lair:1)
  A bullfrog zombie (D:6)
  A centaur zombie (D:7)
  A bullfrog skeleton (D:6)
  2 jellies
  4 orc priests
  A centaur skeleton (D:7)
  2 hounds
  2 gnoll shamans
  3 iguanas
  2 orc wizards
  Ijyb (D:3)
  Natasha (twice) (D:4)
  A killer bee zombie (D:7)
  A hound zombie (D:5)
  A hound skeleton (D:2)
  2 howler monkey zombies (D:8)
  15 gnolls
  5 adders
  A shadow imp (D:6)
  2 ufetubi
  3 worms
  A dart slug (D:3)
  22 orcs
  9 endoplasms
  4 giant cockroaches
  18 goblins
  6 hobgoblins
  10 jackals
  7 quokkas
  7 ball pythons
  3 bats
  4 frilled lizards
  15 kobolds
  A quokka skeleton (D:4)
  8 rats
218 creatures vanquished.

Vanquished Creatures (others)
  A fungus (D:8)
  9 plants
  A withered plant (Gauntlet)
11 creatures vanquished.

Grand Total: 229 creatures vanquished

Notes
Turn   | Place    | Note
-------+----------+-------------------------------------------
     0 | D:1      | Delamore the Gargoyle Fighter began the quest for the Orb.
     0 | D:1      | Reached XP level 1. HP: 14/14 MP: 1/1
   144 | D:1      | Reached XP level 2. HP: 19/19 MP: 2/2
   856 | D:1      | Reached XP level 3. HP: 22/24 MP: 3/3
  1378 | D:2      | Reached XP level 4. HP: 25/29 MP: 4/4
  1653 | D:2      | Reached skill level 3 in Maces & Flails
  2183 | D:2      | Reached XP level 5. HP: 10/34 MP: 5/5
  3116 | D:3      | Found a sacrificial altar of Ru.
  3305 | D:3      | Found Boopas's Antique Weapon Shop.
  3334 | D:3      | Found a glowing drain.
  3350 | Sewer    | Entered a sewer
  3421 | Sewer    | Noticed Purgy
  3452 | Sewer    | Killed Purgy
  3453 | Sewer    | Reached skill level 5 in Fighting
  3453 | Sewer    | Reached skill level 4 in Maces & Flails
  3453 | Sewer    | Reached skill level 5 in Shields
  3453 | Sewer    | Reached XP level 6. HP: 19/40 MP: 6/6
  4050 | D:3      | Noticed Ijyb
  4057 | D:3      | Paralysed by Ijyb for 5 turns
  4067 | D:3      | Killed Ijyb
  4564 | D:4      | Reached skill level 5 in Maces & Flails
  4583 | D:4      | Noticed Natasha
  4595 | D:4      | Killed Natasha
  4621 | D:4      | Reached XP level 7. HP: 27/44 MP: 7/7
  4816 | D:4      | Found a snail-covered altar of Cheibriados.
  5019 | D:4      | Noticed Natasha
  5085 | D:4      | Found a staircase to the Ecumenical Temple.
  5102 | D:4      | Killed Natasha
  5106 | Temple   | Entered the Ecumenical Temple
  5351 | Temple   | Became a worshipper of Qazlal Stormbringer
  5401 | D:4      | Reached skill level 6 in Maces & Flails
  5857 | D:5      | Entered Level 5 of the Dungeon
  6027 | D:5      | Found an iron altar of Okawaru.
  6027 | D:5      | Found a shimmering blue altar of Sif Muna.
  6249 | D:5      | Reached skill level 7 in Maces & Flails
  6495 | D:5      | Reached XP level 8. HP: 49/49 MP: 8/8
  6967 | D:6      | Reached skill level 8 in Maces & Flails
  7225 | D:6      | Reached * piety under Qazlal
  7327 | D:6      | Noticed Pikel
  7344 | D:6      | Killed Pikel
  7345 | D:6      | Reached skill level 10 in Maces & Flails
  7345 | D:6      | Reached XP level 9. HP: 28/54 MP: 9/9
  7986 | D:7      | Found Ratix's General Store.
  7993 | D:7      | Bought a scroll of fog for 28 gold pieces
  8078 | D:7      | Reached skill level 11 in Maces & Flails
  8605 | D:7      | Found Ojoot's Book Emporium.
  8627 | D:7      | Reached skill level 12 in Maces & Flails
  9226 | D:8      | Reached XP level 10. HP: 56/59 MP: 10/10
  9343 | D:8      | Found a staircase to the Lair.
  9394 | D:8      | Reached ** piety under Qazlal
  9926 | D:8      | Noticed Psyche
 10089 | D:8      | Killed Psyche
 10343 | D:8      | Reached skill level 13 in Maces & Flails
 10558 | Lair:1   | Entered Level 1 of the Lair of Beasts
 10650 | Lair:1   | Found a gate leading to a gauntlet.
 10658 | Gauntlet | Entered a Gauntlet
 10658 | Gauntlet | Found a transporter.
 10664 | Gauntlet | Found a transporter.
 10666 | Gauntlet | Found a transporter.
 10671 | Gauntlet | Found a transporter.
 10678 | Gauntlet | Found a transporter.
 10682 | Gauntlet | Found a transporter.
 10687 | Gauntlet | Found a transporter.
 10693 | Gauntlet | Found a transporter.
 10697 | Gauntlet | Found a transporter.
 10699 | Gauntlet | Noticed an elephant
 10699 | Gauntlet | Noticed an elephant
 10701 | Gauntlet | Noticed an elephant
 10702 | Gauntlet | Found a transporter.
 10709 | Gauntlet | Found a transporter.
 10709 | Gauntlet | Noticed a dire elephant
 10713 | Gauntlet | Found a transporter.
 10718 | Gauntlet | Found a transporter.
 10725 | Gauntlet | Found a transporter.
 10785 | Gauntlet | Noticed a cane toad
 10785 | Gauntlet | a cane toad changed into a yaktaur
 10785 | Gauntlet | Noticed a swamp dragon
 10787 | Gauntlet | a swamp dragon changed into a redback
 10821 | Gauntlet | Noticed a glowing orange brain
 10821 | Gauntlet | a redback changed into a glowing orange brain
 10828 | Gauntlet | Killed a glowing orange brain
 11093 | Gauntlet | Identified the ring "Imeir" {rN+ Int+5 Dex+6}
 11116 | Gauntlet | Identified the +5 lajatang "Lutitif" {freeze, rElec Str-3
                  | Dex+6}
 11116 | Gauntlet | Noticed a minotaur
 11120 | Gauntlet | Mangled by a minotaur

Illustrated notes

Levels and vault maps discovered:
D:1:      dpeg_arrival_water_temple_mockup, layout_basic, serial_curves,
          eino_curves_03, eino_curves_03, eino_curves_02
D:2:      minmay_chambers_of_ones, layout_basic, dk_noncrumbling_2,
          corexii_leaking_fountain
D:3:      kennysheep_goblin_castle, layout_loops_corners, hangedman_ru_absence,
          serial_shops, shop, portal_sewer_entry_d, chequers_mini_garden,
          minmay_randomly_rotated_circles
D:4:      layout_loops_ring, chei_slow_surprise,
          minmay_temple_entry_gardened_gates, uniq_natasha
D:5:      layout_loops_corners, gammafunk_temple_overflow_elements
D:6:      layout_basic, grunt_ministairs_1, uniq_pikel
D:7:      layout_basic, serial_shops, shop, nicolae_shop_statue_plus,
          chequers_jeans, minmay_alternating_orb
D:8:      layout_loops_ring, grunt_lair_entry_orc_guard_hut, minmay_puff,
          uniq_psyche
Temple:   regret_index_temple_sphere_string
Lair:1:   beast_lair_carwin_large_4, layout_regular_city,
          gauntlet_entry_generic, dpeg_stationary_puzzle
Gauntlet: gammafunk_gauntlet_77_escape_option [minmay_gauntlet_arena_77_box,
          minmay_gauntlet_arena_77_mirror, minmay_gauntlet_arena_77_checkered,
          minmay_gauntlet_arena_77_two_lines,
          minmay_gauntlet_arena_77_two_paths, gauntlet_exit_hidden_loot]

Skill      XL: |  1  2  3  4  5  6  7  8  9 10 |
---------------+-------------------------------+-----
Fighting       | 4 5 |  5.0
Shields        | 4 5 8 |  8.3
Maces & Flails | 3 4 5 7 10 12 13 | 13.5
Armour         | |  3.2

Action                   |  1- 3 |  4- 6 |  7- 9 | 10-12 || total
-------------------------+-------+-------+-------+-------++-------
Melee: Flail             |   127 |    81 |       |       ||   208
       Whip              |       |   115 |       |       ||   115
       Mace              |       |   112 |   324 |   190 ||   626
Throw: Javelin           |       |       |     7 |       ||     7
       Boomerang         |       |       |       |     1 ||     1
Evoke: Wand              |       |       |       |     8 ||     8
  Use: Scroll            |       |     3 |     7 |     4 ||    14
       Potion            |       |       |       |     2 ||     2
Armor: Scale mail        |    72 |   161 |   105 |    46 ||   384
Dodge: Dodged            |    33 |    88 |    48 |    18 ||   187
Block: Kite shield       |    68 |   166 |   257 |   143 ||   634
       Reflection        |       |       |     7 |     6 ||    13

Table legend: (Time is in decaauts)
 A = Elapsed time spent in this place.
 B = Non-inter-level travel time spent in this place.
 C = Inter-level travel time spent in this place.
 D = Time resting spent in this place.
 E = Time spent auto-exploring this place.
 F = Levels seen in this place.
 G = Mean time per level.
                   A        B        C        D        E       F      G
               +--------+--------+--------+--------+--------+-----+--------+
         Total |  11336 |  10874 |    462 |   2003 |   6426 |  12 |  944.7 |
       Dungeon |  10153 |   9768 |    385 |   1602 |   6134 |   8 | 1269.1 |
        Temple |    270 |    193 |     77 |      0 |    191 |   1 |  270.0 |
          Lair |     98 |     98 |      0 |     37 |      0 |   1 |   98.0 |
         Sewer |    357 |    357 |      0 |    161 |    101 |   1 |  357.0 |
      Gauntlet |    455 |    455 |      0 |    203 |      0 |   1 |  455.0 |
               +--------+--------+--------+--------+--------+-----+--------+

Top non-repeatable levels by time:
     D:1: 1640 daAuts
     D:8: 1551 daAuts
     D:2: 1388 daAuts
     D:3: 1308 daAuts
     D:7: 1193 daAuts
     D:4: 1093 daAuts
     D:5: 1047 daAuts
     D:6: 930 daAuts
Gauntlet: 455 daAuts
   Sewer: 357 daAuts
  Temple: 270 daAuts
  Lair:1: 98 daAuts
